 Dungeon Crawl Stone Soup version 0.29.0-13-gc9e81de378 (webtiles) character file.

Game seed: 10514690307930680826

7602 mdonais the Envoy of Void (level 11, 0/101 HPs)
             Began as a Meteoran Abyssal Knight on Sept 10, 2022.
             Was a High Priest of Lugonu.
             Slain by a tengu conjurer
             ... wielding the +10 falchion "Nuangeh" {vorpal, *Rage +Blink rElec rPois SInv}
              (18 damage)
             ... on level 9 of the Dungeon.
             The game lasted 00:30:26 (2766 turns).

mdonais the Envoy of Void (Meteoran Abyssal Knight) Turns: 2766, Time: 00:30:27

Health: 0/101      AC: 22    Str: 23    XL:     11   Next: 67%
Magic:  13/20      EV: 13    Int: 11    God:    Lugonu [*****.]
Gold:   546        SH:  0    Dex: 17    Spells: 10/10 levels left

rFire   . . .      SeeInvis +   C - +2 war axe (freeze)
rCold   . . .      Faith    .   h - orb {light}
rNeg    + . .      Spirit   .   s - +8 scale mail of Good Intentions {Fly SInv}
rPois   +          Reflect  .   q - +1 helmet
rElec   .          Harm     .   j - +2 ratskin cloak {*Rats rPois rN+ Str-1 Int-1 Dex+1}
rCorr   .          Rampage  .   (no gloves)
Will    +....                   (no boots)
Stlth   ..........              (no amulet)
HPRegen 0.26/turn               v - +4 ring of protection
MPRegen 0.17/turn               n - +6 ring of strength

@: flying, hasted, glowing, unable to read, very quick
A: sense surroundings 2, otherworldly, glowing, explore regen, deformed body,
screaming 1, inability to read after injury 1
a: Renounce Religion, Depart the Abyss, Bend Space, Banish, Corrupt, Enter the
Abyss


You were on level 9 of the Dungeon.
You worshipped Lugonu.
Lugonu was extremely pleased with you.
You visited 1 branch of the dungeon, and saw 9 of its levels.
You visited the Abyss 1 time.
You also visited: Ossuary.

You collected 546 gold pieces.

Inventory:

Hand Weapons
 a - a +4 scimitar of flaming
   (You took it off Erica on level 8 of the Dungeon)
 f - a +2 battleaxe
   (You took it off a wight on level 7 of the Dungeon)
 m - a +2 scimitar of freezing
   (You took it off a wight on level 7 of the Dungeon)
 C - a +2 war axe of freezing (weapon)
   (You took it off a wight on level 7 of the Dungeon)
Missiles
 l - 15 poisoned darts
 t - 4 boomerangs (quivered)
 F - a curare-tipped dart
Armour
 g - a +0 robe of resistance
   (You took it off Erica on level 8 of the Dungeon)
 h - an orb of light (worn)
   (You found it on level 1 of the Dungeon)
 j - the +2 ratskin cloak (worn) {*Rats rPois rN+ Str-1 Int-1 Dex+1}
   (You found it on level 6 of the Dungeon)

   When the wearer is hurt, rats may emerge from it to assist them.
   Str:       It affects your strength (-1).
   Int:       It affects your intelligence (-1).
   Dex:       It affects your dexterity (+1).
   rPois:     It protects you from poison.
   rN:        It protects you from negative energy.
 q - a +1 helmet (worn)
   (You found it on level 3 of the Dungeon)
 s - the +8 scale mail of Good Intentions (worn) {Fly SInv}
   (You found it on level 5 of the Dungeon)

   SInv:      It lets you see invisible.
   Fly:       It grants you flight.
 E - the +4 ring mail of Lilacs {Fly rC+++ rCorr Stlth-}
   (You found it on level 8 of the Dungeon)

   rC:        It renders you almost immune to cold.
   Fly:       It grants you flight.
   rCorr:     It protects you from acid and corrosion.
   Stlth:     It makes you less stealthy.
Magical Staves
 d - a staff of fire
   (You found it on level 1 of the Dungeon)
Jewellery
 c - a ring of positive energy
   (You found it on level 1 of the Dungeon)
 e - a ring of flight
   (You found it on level 1 of the Dungeon)
 n - a +6 ring of strength (right hand)
   (You found it on level 2 of the Dungeon)
 v - a +4 ring of protection (left hand)
   (You found it on level 8 of the Dungeon)
Wands
 I - a wand of iceblast (6)
   (You found it on level 6 of the Dungeon)
Scrolls
 i - a scroll of butterflies
 o - a scroll of poison {unknown}
 p - a scroll of immolation {unknown}
 x - 2 scrolls of vulnerability
 y - 2 scrolls of amnesia {unknown}
 z - a scroll of enchant weapon {unknown}
 A - 2 scrolls of fear {unknown}
 B - a scroll of blinking
 M - a scroll of magic mapping
 T - a scroll of teleportation
Potions
 b - 3 potions of attraction
 k - 2 potions of might {unknown}
 u - a potion of cancellation
 w - a potion of brilliance {unknown}
 D - a potion of degeneration {unknown}
 H - a potion of haste


   Skills:
 + Level 10.7 Fighting
 + Level 10.9 Axes
 + Level 6.6 Armour
 + Level 5.9 Dodging
 + Level 11.0 Invocations
 - Level 2.0 Evocations


You had 10 spell levels left.
You didn't know any spells.
Your spell library contained the following spells:

 Spells                   Type           Power      Damage    Failure   Level
 Sting                    Tmut/Pois      0%         1d3       63%         1
 Poisonous Vapours        Pois/Air       0%         N/A       77%         2
 Gell's Gravitas          Tloc           0%         N/A       94%         3
 Lesser Beckoning         Tloc           0%         N/A       94%         3
 Summon Guardian Golem    Hex/Summ       0%         N/A       94%         3
 Teleport Other           Tloc           0%         N/A       94%         3
 Olgreb's Toxic Radiance  Pois           0%         N/A       100%        4
 Orb of Destruction       Conj           0%         9d5       100%        7
 Spellforged Servitor     Conj/Summ      0%         N/A       100%        7


Dungeon Overview and Level Annotations

Branches:
Dungeon (9/15) Zot: 2918   Temple (0/1) D:6            Lair (0/5) D:9
Ossuary (visited)
    Orc: D:9-12

Altars:
Dithmenos
Hepliaklqana
Qazlal
Ru
Uskayaw
Vehumet
Xom
The Shining One

Annotations:
D:5 exclusion: statue
D:8 corrupted
D:9 corrupted
Abyss:1 Ijyb, Joseph


Innate Abilities, Weirdness & Mutations

You passively map the area around you.
You are easily found by Zot.
You glow in the dark.
You regain HP and MP as you explore.
Armour fits poorly on your strangely shaped body.
You occasionally shout uncontrollably at your foes.
You occasionally lose the ability to read scrolls when taking damage.


Message History

The yak gores you but does no damage.
You slash the yak! You freeze the yak.
The yak is almost dead.
The yak gores you!
You take 8 damage, and have 65/101 hp.
You slash the yak! You freeze the yak.
You kill the yak!
Lugonu accepts your kill.
You see here a yak corpse.
Found a book of Displacement and a leather armour.
You regained 3 hp, and now have 70/101 hp.
A wyvern comes into view.
The wyvern hisses angrily.
You regained 5 hp, and now have 75/101 hp.
You regained 5 hp, and now have 80/101 hp.
You regained 7 hp, and now have 87/101 hp.
You barely miss the wyvern. The wyvern bites you!
You take 8 damage, and have 79/101 hp.
You slash the wyvern! You freeze the wyvern!
The wyvern is almost dead.
The wyvern closely misses you. The wyvern misses you.
You hit the wyvern. You freeze the wyvern.
You kill the wyvern!
Lugonu accepts your kill.
Joseph, a Mercenary comes into view.
He is wielding a +0 quarterstaff.
Joseph drinks a potion.
Joseph suddenly seems more resistant.
You regained 6 hp, and now have 86/101 hp.
Press: ? - help, v - describe, . - travel
Here: Joseph, wielding a +0 quarterstaff and wearing a +0 leather armour (unusually resistant)
The floor.
Press: ? - help, Shift-Dir - straight line, f - Joseph
Aim: Joseph, wielding a +0 quarterstaff and wearing a +0 leather armour (unusually resistant, chance to affect: 73%) Joseph is devoured by a tear in reality.
Lugonu claims a new guest.
Your Invocations skill increases to level 11!
You now have 16/20 mp.
Found a staircase to the Lair.
You regained 10 hp, and now have 96/101 hp.
You regained 2 mp, and now have 18/20 mp.
Health restored: 101 You pick up a book of Displacement and begin reading...
You add the spells Lesser Beckoning, Gell's Gravitas and Teleport Other to your library.
MP restored: 20
Found a book of the Hunter and a potion of haste.
Unknown command.
Unknown command.
You yell at the water moccasin!
A water moccasin comes into view.
Found a robe.
You hear a shout!
A kobold brigand comes into view.
It is wielding a +0 short sword and quivering curare-tipped darts.
You yell at the kobold brigand!
You hear a shout!
The kobold brigand hits you with a +0 short sword.
You take 3 damage, and have 98/101 hp.
You slash the kobold brigand! You freeze the kobold brigand.
The kobold brigand is moderately wounded.
The kobold brigand barely misses you.
You slash the kobold brigand! You freeze the kobold brigand.
You kill the kobold brigand!
Lugonu accepts your kill. The water moccasin closely misses you.
You slash the water moccasin! You freeze the water moccasin.
The water moccasin is heavily wounded.
The water moccasin bites you but does no damage.
You hit the water moccasin. You freeze the water moccasin.
The water moccasin is heavily wounded.
The water moccasin bites you but does no damage.
You hit the water moccasin.
The water moccasin seems to slow down.
You freeze the water moccasin.
The water moccasin is severely wounded.
The water moccasin barely misses you.
You closely miss the water moccasin.
The water moccasin is severely wounded.
The water moccasin closely misses you.
You slash the water moccasin! You freeze the water moccasin.
You kill the water moccasin!
Lugonu accepts your kill.
F - a curare-tipped dart
Things that are here:
a +0 short sword; a kobold corpse
H - 2 potions of haste (gained 1) Health restored: 101
Found a jewelled hat and 5 javelins.
A tengu conjurer comes into view.
It is wielding the +10 falchion "Nuangeh" {vorpal, *Rage +Blink rElec rPois SInv} and wearing a +1 buckler of reflection.
You yell at the tengu conjurer!
You barely miss the tengu conjurer.
The tengu conjurer hits you but does no damage.
The tengu conjurer barely misses you.
The tengu conjurer claws you but does no damage.
You barely miss the tengu conjurer.
The tengu conjurer hits you with the +10 falchion "Nuangeh" {vorpal, *Rage +Blink rElec rPois SInv}.
The tengu conjurer goes berserk!
The tengu conjurer pecks you but does no damage.
The tengu conjurer claws you but does no damage.
You take 4 damage, and have 97/101 hp.
You barely miss the tengu conjurer.
The tengu conjurer hits you with the +10 falchion "Nuangeh" {vorpal, *Rage +Blink rElec rPois SInv}.
The tengu conjurer barely misses you. The tengu conjurer misses you.
The tengu conjurer barely misses you.
The tengu conjurer pecks you but does no damage.
The tengu conjurer claws you but does no damage.
You take 6 damage, and have 91/101 hp.
You hit the tengu conjurer but do no damage.
The tengu conjurer hits you with the +10 falchion "Nuangeh" {vorpal, *Rage +Blink rElec rPois SInv}!!
The tengu conjurer pecks you. The tengu conjurer closely misses you.
You take 33 damage, and have 58/101 hp.
MASSIVE DAMAGE!!
You hit the tengu conjurer. You freeze the tengu conjurer.
The tengu conjurer is lightly wounded.
The tengu conjurer hits you with the +10 falchion "Nuangeh" {vorpal, *Rage +Blink rElec rPois SInv}!
You feel threatened and lose the ability to read scrolls!
The tengu conjurer pecks you.
The tengu conjurer claws you but does no damage.
The tengu conjurer closely misses you.
The tengu conjurer pecks you but does no damage.
The tengu conjurer claws you but does no damage.
You take 20 damage, and have 38/101 hp.
You closely miss the tengu conjurer.
The tengu conjurer is lightly wounded.
The tengu conjurer closely misses you. The tengu conjurer barely misses you.
The tengu conjurer claws you but does no damage.
Press: ? - help, v - describe, . - travel
Here: a tengu conjurer, wielding the +10 falchion "Nuangeh" {vorpal, *Rage +Blink rElec rPois SInv} and wearing a +1 buckler of reflection (lightly wounded, berserk, reflecting blocked projectiles, haloed)
The floor.
Unknown command.
Okay, then.
Okay, then.
Okay, then.
You feel yourself speed up.
The tengu conjurer hits you with the +10 falchion "Nuangeh" {vorpal, *Rage +Blink rElec rPois SInv}!
* * * LOW HITPOINT WARNING * * *
x2 The tengu conjurer completely misses you.
The tengu conjurer claws you but does no damage.
You take 16 damage, and have 22/101 hp.
Press: ? - help, v - describe, . - travel The floor.
This square is lit by a halo.
Unknown command.
You can read scrolls again.
Okay, then.
Activating: Corrupt (4% risk of failure)
Press: ? - help, Dir - look around, f - activate Lugonu's Hand of Corruption reaches out!
You take 5 damage, and have 18/101 hp.
You now have 13/20 mp.
The iron imp refuses to make way for you. (Use ctrl+direction or * direction to attack.) Unknown command.
The tengu conjurer attacks as you move away!
The tengu conjurer hits you with the +10 falchion "Nuangeh" {vorpal, *Rage +Blink rElec rPois SInv}!!
You feel threatened and lose the ability to read scrolls!
You die...

*.....#.###.............>.....
#.#.##..# #..............P.P:.
#.#...))# ###.###.#x#.........
# #####..# #.#3.#...z.....P...
, #.#...# D..5........P.P. , *
...W.## ...†....P....... ,
...##Z..5)####.........# *
..####.#5## .##...♣.###
.##...##@..# ####### * * * *
....#Q3## * , ,* ..#.#.X#.# *,
* ..(8[4...# * * ** *
....#...## , ,,..Xh4 , **, *
*** , *#.5..5, *,, , * ##.##.
, ,* * , * * *


You could see a tengu conjurer (berserk, reflecting), a neutral bone dragon
(summoned, distracted), a neutral orange demon (summoned, distracted), 2 neutral
large abominations, a neutral worldbinder (summoned, distracted), 2 neutral
smoke demons, a neutral raiju (summoned, distracted), a neutral chaos spawn
(summoned, distracted), a neutral wraith (summoned, wandering), a neutral flying
skull (summoned, wandering), 2 neutral iron imps, a neutral quasit (summoned,
distracted), 2 neutral white imps and a neutral black mamba zombie (summoned,
distracted).

Vanquished Creatures
  A two-headed ogre (D:9)
  Erica (D:8)
  A wizard (D:9)
  Prince Ribbit (D:9)
  Sigmund (D:5)
  5 wyverns
  An unseen horror simulacrum (D:9)
  9 yaks (D:9)
  7 water moccasins
  A black bear (D:5)
  A centaur (D:7)
  3 ogres
  2 kobold brigands
  A bullfrog (D:6)
  3 scorpions
  5 wights (D:7)
  6 killer bees (D:7)
  3 howler monkeys (D:9)
  2 jellies (D:6)
  4 hounds
  4 orc priests
  Jessica (D:2)
  2 iguanas
  5 orc wizards
  8 mummies (Ossuary)
  2 adders (D:2)
  An ufetubus (D:4)
  2 worms
  A dart slug (D:2)
  25 orcs
  3 endoplasms
  4 giant cockroaches
  2 gnoll zombies (Ossuary)
  6 hobgoblins
  2 jackals (D:5)
  10 kobolds
  3 quokkas
  5 ball pythons
  3 bats
  3 frilled lizards
  3 goblins
  2 hobgoblin zombies (Ossuary)
  2 kobold zombies (Ossuary)
  2 orc zombies (Ossuary)
  5 rats
164 creatures vanquished.

Vanquished Creatures (collateral kills)
  A water moccasin (D:9)
  2 killer bees (D:7)
3 creatures vanquished.

Vanquished Creatures (others)
  A boulder beetle (D:8)
  An ugly thing (D:8)
  A yak (D:8)
  2 steam dragons (D:8)
  2 water moccasins (D:8)
  A kobold brigand (D:8)
  A bullfrog (D:8)
  A wight (D:8)
  2 howler monkeys (D:8)
  2 orc wizards (D:8)
  3 fungi (D:9)
  18 plants (D:9)
  6 starspawn tentacles (D:8)
41 creatures vanquished.

Grand Total: 208 creatures vanquished

Notes
Turn   | Place    | Note
-------+----------+-------------------------------------------
     0 | Abyss:1  | mdonais the Meteoran Abyssal Knight began the quest for the
                  | Orb.
     0 | Abyss:1  | Reached XP level 1. HP: 19/19 MP: 3/3
    12 | Abyss:1  | Found a corrupted altar of Lugonu.
    34 | Abyss:1  | Noticed a large abomination
    40 | D:1      | Escaped the Abyss
   128 | D:1      | Reached XP level 2. HP: 21/26 MP: 4/4
   225 | D:1      | Reached skill level 3 in Invocations
   278 | D:2      | Reached XP level 3. HP: 31/31 MP: 6/6
   362 | D:2      | Reached *** piety under Lugonu
   475 | D:2      | Reached XP level 4. HP: 40/40 MP: 7/7
   492 | D:2      | Noticed Jessica
   500 | D:2      | Killed Jessica
   616 | D:2      | Reached XP level 5. HP: 46/46 MP: 8/8
   944 | D:5      | Entered Level 5 of the Dungeon
   978 | D:5      | Reached XP level 6. HP: 28/53 MP: 9/9
   979 | D:5      | Found a radiant altar of Vehumet.
  1005 | D:5      | Noticed an ogre
  1013 | D:5      | Killed an ogre
  1015 | D:5      | Noticed Ijyb
  1017 | D:5      | Banished Ijyb
  1024 | D:5      | Found a glowing golden altar of the Shining One.
  1029 | D:5      | Found a sacrificial altar of Ru.
  1039 | D:5      | Reached skill level 4 in Invocations
  1039 | D:5      | Reached XP level 7. HP: 58/60 MP: 9/11
  1043 | D:5      | Reached skill level 5 in Fighting
  1090 | D:5      | Found a hazy altar of Hepliaklqana.
  1130 | D:5      | Noticed Sigmund
  1142 | D:5      | Killed Sigmund
  1143 | D:5      | Reached skill level 5 in Axes
  1161 | D:5      | Identified the +8 scale mail of Good Intentions {Fly SInv}
  1191 | D:5      | Found a hide-covered altar of Uskayaw.
  1206 | D:5      | Reached XP level 8. HP: 69/69 MP: 12/12
  1247 | D:5      | Reached **** piety under Lugonu
  1460 | D:6      | Found a shimmering altar of Xom.
  1507 | D:6      | Reached skill level 5 in Invocations
  1524 | D:6      | Found a shadowy altar of Dithmenos.
  1533 | D:6      | Found a staircase to the Ecumenical Temple.
  1536 | D:6      | Found the +2 ratskin cloak {*Rats rPois rN+ Str-1 Int-1
                  | Dex+1}
  1608 | D:7      | Reached skill level 1 in Evocations
  1725 | D:7      | Found a sand-covered staircase.
  1735 | Ossuary  | Entered an ossuary
  1752 | Ossuary  | Gained mutation: You passively map the area around you.
                  | [Meteoran growth]
  1752 | Ossuary  | Reached XP level 9. HP: 78/78 MP: 14/14
  1785 | Ossuary  | Reached skill level 5 in Armour
  2045 | D:7      | Reached skill level 6 in Invocations
  2081 | D:7      | Reached ***** piety under Lugonu
  2320 | D:7      | Reached XP level 10. HP: 87/89 MP: 16/16
  2325 | D:8      | Noticed Erica
  2325 | D:8      | Found a stormy altar of Qazlal.
  2331 | D:8      | Killed Erica
  2332 | D:8      | Reached skill level 7 in Invocations
  2373 | D:8      | Noticed a cyan ugly thing
  2377 | D:8      | Noticed a boulder beetle
  2378 | D:8      | Gained mutation: You occasionally lose the ability to read
                  | scrolls when taking damage. [potion of mutation]
  2378 | D:8      | Gained mutation: You occasionally shout uncontrollably at
                  | your foes. [potion of mutation]
  2378 | D:8      | Gained mutation: Armour fits poorly on your strangely
                  | shaped body. [potion of mutation]
  2382 | D:8      | Corrupted D:8
  2382 | D:8      | Noticed a tentacled starspawn
  2382 | D:8      | Noticed a tentacled starspawn
  2382 | D:8      | Noticed a large abomination
  2382 | D:8      | Noticed a starcursed mass
  2382 | D:8      | Noticed a thrashing horror
  2382 | D:8      | Noticed an orange demon
  2383 | D:8      | Noticed a large abomination
  2387 | D:8      | Killed a cyan ugly thing
  2396 | D:8      | Noticed a brown very ugly thing
  2396 | D:8      | Noticed a worldbinder
  2397 | D:8      | Noticed an ironbound thunderhulk
  2398 | D:8      | Killed a boulder beetle
  2401 | D:8      | Noticed a red very ugly thing
  2409 | D:8      | Noticed a green very ugly thing
  2482 | D:8      | Identified the +4 ring mail of Lilacs {Fly rC+++ rCorr
                  | Stlth-}
  2549 | D:8      | Reached skill level 10 in Axes
  2584 | D:9      | Reached skill level 8 in Invocations
  2588 | D:9      | Reached skill level 10 in Fighting
  2596 | D:9      | Reached skill level 9 in Invocations
  2639 | D:9      | Noticed a wizard
  2640 | D:9      | Noticed a two-headed ogre
  2657 | D:9      | Killed a wizard
  2658 | D:9      | Reached skill level 10 in Invocations
  2667 | D:9      | Killed a two-headed ogre
  2668 | D:9      | Reached XP level 11. HP: 81/99 MP: 19/19
  2688 | D:9      | Reached skill level 5 in Dodging
  2695 | D:9      | Noticed Prince Ribbit
  2704 | D:9      | Killed Prince Ribbit
  2725 | D:9      | Noticed Joseph
  2726 | D:9      | Banished Joseph
  2727 | D:9      | Reached skill level 11 in Invocations
  2727 | D:9      | Found a staircase to the Lair.
  2754 | D:9      | Identified the +10 falchion "Nuangeh" {vorpal, *Rage +Blink
                  | rElec rPois SInv}
  2765 | D:9      | Corrupted D:9
  2765 | D:9      | Noticed a smoke demon
  2765 | D:9      | Noticed a large abomination
  2765 | D:9      | Noticed a smoke demon
  2765 | D:9      | Noticed a worldbinder
  2765 | D:9      | Noticed a bone dragon
  2766 | D:9      | Slain by a tengu conjurer

Illustrated notes

Levels and vault maps discovered:
D:1:      minmay_arrival_semitransparent, layout_loops_ring
D:2:      layout_loops_ring, grunt_ministairs_13, nrook_mini_backslash,
          ebering_dispersal_statue_hall, kennysheep_nondescript, uniq_jessica
D:3:      layout_basic
D:4:      layout_basic, kennysheep_generic_room_13
D:5:      layout_loops_corners, grunt_temple_overflow_order_and_chaos_2,
          nzn_hepliaklqana_mist_gate, nicolae_wu_jian_glorious_leap,
          nicolae_overflow_hidden_temple, vehumet_statue,
          grunt_temple_overflow_open, uniq_duvessa, uniq_sigmund, uniq_ijyb
D:6:      layout_basic, mainiacjoe_overflow_boulevard,
          mainiacjoe_overflow_small_starburst,
          mainiacjoe_overflow_concentric_impassable,
          minmay_temple_entry_statues_pillars
D:7:      layout_cave_pools, nicolae_ossuary_entry_plus
D:8:      cheibrodos_barr_body, layout_cave_pods,
          nicolae_qazlal_style_of_elements, mainiacjoe_overflow_24_doors,
          uniq_pikel, uniq_erica
D:9:      minmay_bloctagon_deflated, layout_loops_ring,
          mainiacjoe_overflow_tiny_flanked, ashenzari_altar_1,
          minmay_lair_entry_grove, uniq_joseph, uniq_prince_ribbit1

Skill      XL: |  1  2  3  4  5  6  7  8  9 10 11 |
---------------+----------------------------------+-----
Invocations    | 3 4 5 6 10 11 | 11.0
Axes           | 3 4 5 6 8 10 | 10.9
Fighting       | 4 5 6 8 10 | 10.7
Dodging        | 2 3 4 5 |  5.9
Armour         | 3 4 5 6 |  6.6
Evocations     | 1 2 |  2.0

Action                   |  1- 3 |  4- 6 |  7- 9 | 10-12 || total
-------------------------+-------+-------+-------+-------++-------
Melee: Hand axe          |    68 |    97 |   271 |       ||   436
       Punch             |     1 |       |       |       ||     1
       War axe           |       |       |     3 |    96 ||    99
Throw: Dart              |       |     6 |       |       ||     6
       Boomerang         |       |     2 |    11 |       ||    13
Invok: Banish            |       |     1 |       |     1 ||     2
       Corrupt           |       |       |       |     2 ||     2
Evoke: Wand              |       |       |       |     5 ||     5
  Use: Potion            |       |       |     7 |     3 ||    10
       Scroll            |       |       |     6 |     2 ||     8
Armor: Leather armour    |    16 |       |       |       ||    16
       Scale mail        |    12 |    40 |   188 |    72 ||   312
       Skin              |       |       |     8 |       ||     8
Dodge: Dodged            |    29 |    43 |   149 |    56 ||   277
